 Dungeon Crawl Stone Soup version 0.18-a0-816-g97f838e (webtiles) character file.

7736 dorian the Destroyer (level 11, -3/61 HPs)
             Began as an Octopode Conjurer on Dec 15, 2015.
             Was a Believer of Vehumet.
             Slain by a hill giant
             ... wielding a +0 giant club
              (31 damage)
             ... on level 10 of the Dungeon.
             The game lasted 00:34:36 (13358 turns).

dorian the Destroyer (Octopode Conjurer)           Turns: 13358, Time: 00:34:36

Health: -3/61      AC:  6    Str:  8    XL:     11   Next: 19%
Magic:  7/23       EV: 12    Int: 20    God:    Vehumet [**....]
Gold:   105        SH:  0    Dex: 15    Spells: 4 memorised, 16 levels left

rFire  . . .     SeeInvis .     E - +1 short sword (protect)
rCold  . . .     Clarity  +     (no shield)
rNeg   . . .     SustAt   .     (helmet restricted)
rPois  .         Gourm    .     (no amulet)
rElec  .         Spirit   .     h - +2 ring of dexterity
rCorr  .         Dismiss  .     H - ring of wizardry
rMut   .         Stasis   .     (no ring)
MR     .....                    (no ring)
Stlth  +++.......               (no ring)
                                (no ring)
                                (no ring)
                                (no ring)

@: not resistant to hostile enchantments, fairly stealthy
A: almost no armour, amphibious, 8 rings, constrict 8, antennae 1, camouflage 1,
clarity, gelatinous body 1
a: Renounce Religion


You were on level 10 of the Dungeon.
You worshipped Vehumet.
Vehumet was pleased with you.
You were not hungry.

You visited 1 branch of the dungeon, and saw 10 of its levels.
You also visited: Sewer.

You collected 747 gold pieces.
You spent 642 gold pieces at shops.

Inventory:

Hand Weapons
 j - a +2 whip of electrocution
 s - a +0 blowgun
 E - a +1 short sword of protection (weapon)
 I - a +3 quarterstaff
Missiles
 F - 31 poisoned needles
Jewellery
 h - a +2 ring of dexterity (left tentacle)
 H - a ring of wizardry (right tentacle)
 N - an uncursed ring of ice
Wands
 k - a wand of magic darts (12)
 r - a wand of draining (10)
 v - a wand of frost (26)
 O - a wand of slowing (11)
Scrolls
 c - a scroll of recharging
 d - 5 scrolls of identify
 e - 2 scrolls of remove curse
 g - 2 scrolls of teleportation
 n - 4 scrolls of enchant weapon
 p - 4 scrolls of enchant armour
 t - a scroll of immolation
 y - a scroll of magic mapping
 B - 3 scrolls of fear
Potions
 i - 3 potions of curing
 o - 2 potions of invisibility
 q - a potion of cancellation
 u - a potion of berserk rage
 x - 2 potions of magic
 z - 2 potions of agility
 A - 2 potions of heal wounds
 C - a potion of resistance
 D - a potion of haste
 M - a potion of brilliance
Books
 a - a book of Conjurations

   Spells                             Type                      Level
   a - Magic Dart                     Conjuration                  1
   b - Searing Ray                    Conjuration                  2
   c - Dazzling Spray                 Conjuration/Hexes            3
   d - Fulminant Prism                Conjuration/Hexes            4
   e - Iskenderun's Mystic Blast      Conjuration                  4
   f - Iskenderun's Battlesphere      Conjuration/Charms           5
 G - a book of Geomancy

   Spells                             Type                      Level
   a - Sandblast                      Earth                        1
   b - Stoneskin                      Transmutation/Earth          2
   c - Passwall                       Transmutation/Earth          3
   d - Stone Arrow                    Conjuration/Earth            3
   e - Petrify                        Transmutation/Earth          4
   f - Lee's Rapid Deconstruction     Earth                        5
 P - the Catalogue of Augmentations and Moulding
   (You bought it in a shop on level 9 of the Dungeon)

   Spells                             Type                      Level
   a - Infusion                       Charms                       1
   b - Beastly Appendage              Transmutation                1
   c - Regeneration                   Charms/Necromancy            3
   d - Passwall                       Transmutation/Earth          3
   e - Deflect Missiles               Charms/Air                   6
   f - Haste                          Charms                       6
Comestibles
 b - 13 bread rations
 f - 5 meat rations
 l - 6 fruits


   Skills:
 - Level 2.0 Dodging
 - Level 2.6 Stealth
 + Level 8.9 Spellcasting
 * Level 13.1 Conjurations
 + Level 5.6 Charms


You had 16 spell levels left.
You knew the following spells:

 Your Spells              Type           Power        Failure   Level  Hunger
a - Magic Dart            Conj           ####         1%          1    None
b - Searing Ray           Conj           ######       1%          2    None
c - Dazzling Spray        Conj/Hex       #####...     1%          3    None
d - Iskenderun's Battles  Conj/Chrm      #####...     2%          5    #####..


Dungeon Overview and Level Annotations

Branches:
Dungeon (10/15)            Temple (0/1) D:7
   Lair: D:8-11         Orc: D:9-12

Altars:
Cheibriados
Okawaru
Pakellas
Qazlal
Sif Muna
Vehumet
Xom
Zin

Shops:
D:4 *   D:9 %[:*

Annotations:
D:10 Fannar


Innate Abilities, Weirdness & Mutations

You cannot wear most types of armour.
You are amphibious.
You can wear up to eight rings at the same time.
You can use your tentacles to constrict eight enemies at once.
Your skin changes colour to match your surroundings (Stealth).
Your rubbery body absorbs attacks (AC +1).
You have a pair of small antennae on your head.
You possess an exceptional clarity of mind.


Message History

Something hits you but does no damage. The hill giant barely misses you.
Casting: Dazzling Spray
Confirm with . or Enter, or press ? or * to list all spells.
Aiming: Dazzling Spray
Press: ? - help, Shift-Dir - straight line, f/p - hill giant
Aim: a hill giant, wielding a giant club (heavily wounded, blind)
The spray of energy hits the hill giant.
The hill giant is severely wounded.
Something hits you but does no damage. x2
Unknown command.
Casting: Dazzling Spray
Confirm with . or Enter, or press ? or * to list all spells.
Aiming: Searing Ray
Press: ? - help, Shift-Dir - straight line, f/p - hill giant
Aim: a hill giant, wielding a giant club (severely wounded, blind)
The searing ray hits the hill giant.
The hill giant is almost dead.
The hill giant hits you with a giant club!!
Ouch! That really hurt!
You die...

#......< ..#.
#......e .....
#....... ....
.#..(.... o..
.+....... #{#
.####..###
#.##.####..
######..'...#...
#.@C....#
#.ยง{.)<.#
#########


You could see a hill giant (blind).

Vanquished Creatures
  Erolcha (D:9)
  An unseen horror (D:9)
  An ugly thing (D:9)
  2 trolls (D:9)
  A spriggan (D:7)
  A wyvern (D:5)
  A hungry ghost (D:8)
  Menkaure (D:5)
  A hippogriff (D:7)
  2 black bears
  2 phantoms (D:6)
  3 sky beasts
  A necrophage (D:9)
  7 centaurs
  3 ice beasts
  6 ogres
  6 orc warriors
  3 big kobolds (Sewer)
  4 giant frogs
  A killer bee (D:9)
  4 scorpions
  7 crimson imps
  7 orc priests
  3 iguanas
  3 jellies
  A centaur zombie (D:8)
  An iron imp (D:8)
  10 worker ants
  6 orc wizards
  Terence (D:2)
  A gnoll shaman (D:5)
  A killer bee zombie (D:7)
  A hound zombie (D:9)
  A worker ant zombie (D:8)
  2 hound skeletons
  7 gnolls
  14 adders
  6 river rats
  A shadow imp (D:8)
  5 oozes (Sewer)
  2 adder skeletons
  6 worms
  8 giant geckos
  43 orcs
  7 ball pythons
  2 giant cockroaches (D:4)
  11 hobgoblins
  3 jackals (D:9)
  8 kobolds
  7 bats
  A giant gecko skeleton (D:5)
  5 giant newts
  7 goblins
  A jackal zombie (D:5)
  A quokka (D:4)
  2 quokka skeletons
  11 rats
255 creatures vanquished.

Notes
Turn   | Place    | Note
--------------------------------------------------------------
     0 | D:1      | dorian the Octopode Conjurer began the quest for the Orb.
     0 | D:1      | Reached XP level 1. HP: 11/11 MP: 3/3
   215 | D:1      | Reached XP level 2. HP: 17/17 MP: 5/5
   908 | D:2      | Reached XP level 3. HP: 6/21 MP: 0/6
  1733 | D:2      | Reached skill level 5 in Conjurations
  1733 | D:2      | Reached XP level 4. HP: 27/27 MP: 2/8
  2113 | D:2      | Noticed Terence
  2119 | D:2      | Learned a level 2 spell: Searing Ray
  2131 | D:2      | Killed Terence
  2715 | D:3      | Reached XP level 5. HP: 31/31 MP: 2/9
  3262 | D:3      | Reached skill level 6 in Conjurations
  3593 | D:4      | Reached XP level 6. HP: 30/36 MP: 5/11
  3792 | D:4      | Found a glowing drain.
  3806 | Sewer    | Entered a sewer
  4534 | Sewer    | Reached XP level 7. HP: 41/41 MP: 4/13
  4697 | Sewer    | Reached skill level 7 in Conjurations
  5165 | D:4      | Found Bicecogegh's General Store.
  5172 | D:4      | Bought a scroll of fear for 42 gold pieces
  5956 | D:5      | Entered Level 5 of the Dungeon
  6107 | D:5      | Reached skill level 5 in Spellcasting
  6132 | D:5      | Reached skill level 8 in Conjurations
  6179 | D:5      | Reached XP level 8. HP: 46/46 MP: 5/15
  6335 | D:5      | Noticed Menkaure
  6341 | D:5      | Killed Menkaure
  6655 | D:5      | Reached skill level 9 in Conjurations
  6772 | D:5      | Found a radiant altar of Vehumet.
  6779 | D:5      | Became a worshipper of Vehumet
  6974 | D:6      | Found a glowing silver altar of Zin.
  6975 | D:6      | Found an oddly glowing altar of Pakellas.
  6975 | D:6      | Found a stormy altar of Qazlal.
  7165 | D:6      | Reached XP level 9. HP: 51/51 MP: 11/18
  7239 | D:6      | Reached skill level 10 in Conjurations
  7896 | D:6      | Learned a level 3 spell: Dazzling Spray
  7902 | D:6      | Learned a level 5 spell: Iskenderun's Battlesphere
  8120 | D:6      | Reached skill level 1 in Charms
  8388 | D:6      | Reached skill level 11 in Conjurations
  8581 | D:7      | Reached * piety under Vehumet
  8581 | D:7      | Offered knowledge of Freeze by Vehumet.
  9260 | D:7      | Found a shimmering altar of Xom.
  9268 | D:7      | Reached XP level 10. HP: 56/56 MP: 16/21
  9323 | D:7      | Found a staircase to the Ecumenical Temple.
 10114 | D:8      | Found a snail-covered altar of Cheibriados.
 10796 | D:8      | Offered knowledge of Throw Frost by Vehumet.
 10796 | D:8      | Reached skill level 12 in Conjurations
 10800 | D:8      | Gained mutation: You have a pair of small antennae on your head. [mutagenic meat]
 10801 | D:8      | Gained mutation: You possess an exceptional clarity of mind. [mutagenic meat]
 11172 | D:8      | Reached ** piety under Vehumet
 11657 | D:9      | Noticed a purple ugly thing
 11667 | D:9      | Killed a purple ugly thing
 11840 | D:9      | Found Vairug's General Store.
 12257 | D:9      | Found an iron altar of Okawaru.
 12264 | D:9      | Found a deep blue altar of Sif Muna.
 12291 | D:9      | Found Zyesiymu's Book Shoppe.
 12321 | D:9      | Bought the Catalogue of Augmentations and Moulding for 600 gold pieces
 12338 | D:9      | Found Vool Wua's Armour Shoppe.
 12342 | D:9      | Noticed Erolcha
 12346 | D:9      | Killed Erolcha
 12346 | D:9      | Reached skill level 5 in Charms
 12346 | D:9      | Reached XP level 11. HP: 54/61 MP: 11/23
 12772 | D:9      | Reached skill level 13 in Conjurations
 12886 | D:9      | Found Vutao's Food Emporium.
 13065 | D:9      | Killed an unseen horror
 13257 | D:10     | Entered Level 10 of the Dungeon
 13257 | D:10     | Noticed Fannar
 13343 | D:10     | Noticed a hill giant
 13358 | D:10     | Slain by a hill giant

Vault maps used:
D:1:      nicolae_arrival_washed_ashore
D:2:      wad_pebble_path, uniq_terence
D:3:      minivault_23
D:4:      serial_shops, nicolae_shop_statue_plus, portal_sewer_entry_b,
          first_bread
D:5:      nicolae_overflow_crystal_walls, uniq_menkaure
D:6:      gammafunk_temple_overflow_forgotten
D:7:      old_standard_altar, minmay_temple_entry_purple_smoke, the_bakery,
          kb_lookout_dungeons_type
D:8:      slow_altar_1
D:9:      amethyst_overflow_temple_binary, serial_shops, shop, shop, shop_coins,
          shop, grunt_ministairs_10, uniq_erolcha
D:10:     david_orc_4, uniq_nergalle, uniq_sonja, uniq_fannar
Sewer:    sewer_co_tree

Action                   |  1- 3 |  4- 6 |  7- 9 | 10-12 || total
-------------------------+-------+-------+-------+-------++-------
Melee: Unarmed           |    38 |       |       |       ||    38
       Whip              |     9 |    22 |    15 |       ||    46
       Short sword       |       |       |     9 |    10 ||    19
 Fire: Blowgun           |       |       |    73 |       ||    73
 Cast: Magic Dart        |    49 |   164 |    90 |    51 ||   354
       Searing Ray       |       |     2 |    61 |    58 ||   121
       Iskenderun's Batt |       |       |       |    17 ||    17
       Dazzling Spray    |       |       |       |     7 ||     7
Evoke: Wand              |       |       |       |     1 ||     1
  Use: Potion            |     1 |     1 |     1 |       ||     3
       Scroll            |       |       |    14 |     8 ||    22
 Stab: Sleeping          |     4 |     1 |    10 |       ||    15
  Eat: Chunk             |     3 |     8 |    15 |    15 ||    41
       Beef jerky        |       |       |       |     1 ||     1
       Pizza             |       |       |       |     1 ||     1
